 Dungeon Crawl Stone Soup version 0.30-a0-728-gc68057be0a (webtiles) character file.

Game seed: 6856201572745743533

1671 Dittersdorf the Trooper (level 9, -8/57 HPs)
             Began as a Gargoyle Fighter on Jan 30, 2023.
             Killed from afar by Dowan (12 damage)
             ... with a shard of ice
             ... on level 6 of the Dungeon.
             The game lasted 00:06:31 (5126 turns).

Dittersdorf the Trooper (Gargoyle Fighter)          Turns: 5126, Time: 00:06:32

Health: -8/57      AC: 14    Str: 24    XL:     9   Next: 1%
Magic:  9/9        EV:  9    Int:  9    God:
Gold:   340        SH:  5    Dex:  9    Spells: 3/8 levels left

rFire   . . .      SeeInvis .    a - +2 flail (holy)
rCold   . . .      Faith    .    c - +0 buckler
rNeg    + . .      Spirit   .    b - +0 scale mail
rPois   ∞          Reflect  .    (no helmet)
rElec   +          Harm     .    (no cloak)
rCorr   .          Rampage  .    (no gloves)
Will    +....                    (no boots) Stlth
                                 (no amulet)
HPRegen 0.29/turn                o - ring of willpower
MPRegen 0.11/turn                (no ring)

@: no status effects
A: sickness immunity, AC +6, negative energy resistance 1, electricity
resistance, torment resistance 1, petrification resistance
a: no special abilities


You were on level 6 of the Dungeon.
You visited 1 branch of the dungeon, and saw 6 of its levels.
You also visited: Sewer.

You collected 340 gold pieces.

Inventory:

Hand Weapons
 a - a +2 flail of holy wrath (weapon)
 v - a +0 morningstar
Missiles
 j - 18 poisoned darts (quivered)
Armour
 b - a +0 scale mail (worn)
 c - a +0 buckler (worn)
Jewellery
 o - a ring of willpower (left hand)
Wands
 i - a wand of quicksilver (10)
Scrolls
 e - 2 scrolls of teleportation {unknown}
 f - 2 scrolls of butterflies {unknown}
 k - 2 scrolls of fog {unknown}
 l - 2 scrolls of enchant weapon {unknown}
 m - a scroll of fear {unknown}
 p - a scroll of enchant armour {unknown}
 u - a scroll of identify
Potions
 d - 2 potions of might
 g - 2 potions of invisibility
 h - 5 potions of curing
 n - 2 potions of magic
 q - 4 potions of heal wounds
 r - 2 potions of resistance {unknown}
 s - a potion of flight
 t - a potion of cancellation {unknown}


   Skills:
 + Level 7.0 Fighting
 + Level 5.8 Maces & Flails
 + Level 6.9 Armour
 + Level 6.9 Shields


You had 3 spell levels left.
You knew the following spells:

 Your Spells              Type           Power      Damage    Failure   Level
a - Passwall              Tmut/Erth      0%         N/A       86%         2
b - Stone Arrow           Conj/Erth      0%         3d7       98%         3

Your spell library contained the following spells:

 Spells                   Type           Power      Damage    Failure   Level
 Magic Dart               Conj           0%         1d3       75%         1
 Blink                    Tloc           0%         N/A       86%         2
 Call Imp                 Summ           0%         N/A       86%         2
 Ensorcelled Hibernation  Hex/Ice        0%         N/A       86%         2
 Lesser Beckoning         Tloc           0%         N/A       86%         2
 Momentum Strike          Conj/Tloc      0%         3d8       86%         2
 Mephitic Cloud           Conj/Pois/Air  0%         N/A       98%         3
 Swiftness                Air            0%         N/A       98%         3
 Animate Armour           Summ/Erth      0%         N/A       100%        4
 Lehudib's Crystal Spear  Conj/Erth      0%         10d2      100%        8


Dungeon Overview and Level Annotations

Branches:
Dungeon (6/15)              Sewer (visited)
 Temple: D:4-7

Altars:
Dithmenos
Fedhas

Annotations:
D:4 3 runed translucent doors, exclusion: oklob plant, Legacy's ghost, weakling DgFi
D:6 Dowan


Innate Abilities, Weirdness & Mutations

You are immune to sickness and miasma.
Your stone body is resilient. (AC +6)
You are immune to poison.
You resist negative energy. (rN+)
You are resistant to electric shocks. (rElec)
You are resistant to unholy torment.
You are immune to petrification.


Message History

Duvessa says, "Where magic fails, the sword succeeds!"
Duvessa hits you with a +5 short sword of flaming.
Duvessa burns you. Dowan gestures at you while chanting.
The puff of flame hits you.
* * * LOW HITPOINT WARNING * * *
You barely miss Duvessa.
Duvessa is severely wounded.
Duvessa hits you with a +5 short sword of flaming.
* * * LOW HITPOINT WARNING * * *
Duvessa burns you.
* * * LOW HITPOINT WARNING * * *
Dowan hits you but does no damage.
You closely miss Duvessa.
Duvessa is severely wounded.
Duvessa closely misses you. Dowan closely misses you. x2
Duvessa hits you but does no damage.
You sock Duvessa!
Duvessa is almost dead.
You block Duvessa's attack. Dowan hits you but does no damage.
You thump Duvessa!
You kill Duvessa!
Dowan seems overcome with grief.
Dowan seems to find hidden reserves of power!
You block Dowan's attack.
Your Fighting skill increases to level 7!
You have reached level 9!
Your experience leads to an increase in your attributes!
Increase (S)trength, (I)ntelligence, or (D)exterity?
You feel stronger. x2
You hit Dowan but do no damage. Dowan hits you with a +0 dagger.
* * * LOW HITPOINT WARNING * * *
Dowan hits you but does no damage.
You barely miss Dowan. You block Dowan's attack.
Dowan hits you but does no damage.
You hit Dowan but do no damage. Dowan hits you with a +0 dagger.
* * * LOW HITPOINT WARNING * * *
Dowan gestures at you while chanting. The shard of ice hits you!
You die...

...* *#.##..###.....##*.**,,,**#
#.#***#..*##..#.......#..**,,,...
..* *.....#..............,*,,....
,****#.........#.....#...,,,*##..
*,,,**,........##...##,..,,** ###
,,,,,*,........#.....#..,,,** **.
,,,,,,,,,.#..............,*,***,.
,,,,,,*,,*##..#.......#..***,*,,*
,,,,,***,....###@....##*.,,,,****
,***,,*......,#e)###..#,,,,,,,**
,,*,,,,.....,.....*,....,,,,,,,**
,,,,,,,#.....#.....,...#,,,,,*,,*
,,,,,,,##...*#......,,.#*,,,**,,,
,,,,,,,*...,,#.......,,*,,,,,*,,,
,,*,,,,,,.,,,.....#...,,,....,,**
,***,,*,,,,,..#..###..#.,,...,**
,,,,,***,,,,,***,,,,,*##.,...##


You could see Dowan (fast).

Vanquished Creatures
  Grinder (D:4)
  Edmund (D:6)
  Duvessa (D:6)
  A black bear (D:6)
  A phantom (D:4)
  3 kobold brigands (Sewer)
  3 scorpions
  4 wights (D:6)
  A howler monkey (D:6)
  2 hounds (D:5)
  2 jellies (D:5)
  An orc priest (D:5)
  Jessica (D:3)
  Natasha (thrice) (D:3)
  Terence (D:3)
  3 gnolls (D:4)
  2 adders (D:5)
  A shadow imp (D:6)
  A white imp (D:5)
  2 ufetubi (D:6)
  2 worms
  2 dart slugs (D:5)
  6 orcs
  6 bats
  8 endoplasms
  2 giant cockroaches (D:1)
  12 goblins
  8 hobgoblins
  8 jackals
  21 kobolds
  5 quokkas
  10 ball pythons
  6 frilled lizards
  6 rats
137 creatures vanquished.

Vanquished Creatures (others)
  4 plants (D:4)
4 creatures vanquished.

Grand Total: 141 creatures vanquished

Notes
Turn   | Place    | Note
-------+----------+-------------------------------------------
     0 | D:1      | Dittersdorf the Gargoyle Fighter began the quest for the
                  | Orb.
     0 | D:1      | Reached XP level 1. HP: 14/14 MP: 1/1
    67 | D:1      | Reached XP level 2. HP: 16/19 MP: 2/2
   494 | D:1      | Reached XP level 3. HP: 19/23 MP: 3/3
   712 | D:2      | Found a faded altar of an unknown god.
  1141 | D:3      | Identified the +0 whip of Hohoumm {heavy, rF+ Str+2 Int-3}
  1191 | D:3      | Reached XP level 4. HP: 29/29 MP: 4/4
  1243 | D:3      | Noticed Jessica
  1250 | D:3      | Killed Jessica
  1251 | D:3      | Reached skill level 4 in Fighting
  1331 | D:3      | Noticed Natasha
  1339 | D:3      | Killed Natasha
  1349 | D:3      | Noticed Natasha
  1360 | D:3      | Killed Natasha
  1361 | D:3      | Reached XP level 5. HP: 17/33 MP: 5/5
  1451 | D:3      | Noticed Terence
  1458 | D:3      | Killed Terence
  1586 | D:3      | Noticed Natasha
  1595 | D:3      | Killed Natasha
  1680 | D:4      | Noticed a phantom
  1693 | D:4      | Killed a phantom
  1694 | D:4      | Reached XP level 6. HP: 28/39 MP: 6/6
  1886 | D:4      | Noticed Grinder
  1903 | D:4      | Killed Grinder
  1904 | D:4      | Reached skill level 5 in Fighting
  1904 | D:4      | Reached skill level 5 in Armour
  1904 | D:4      | Reached skill level 5 in Shields
  1904 | D:4      | Reached XP level 7. HP: 13/44 MP: 7/7
  2254 | D:4      | Found a blossoming altar of Fedhas.
  2278 | D:4      | Noticed an oklob plant
  2761 | D:4      | Found a runed translucent gate.
  2762 | D:4      | Found a runed translucent gate.
  2762 | D:4      | Noticed Legacy's ghost (weakling DgFi)
  2763 | D:4      | Found a runed translucent gate.
  3111 | D:5      | Entered Level 5 of the Dungeon
  3527 | D:5      | Learned a level 2 spell: Passwall
  3535 | D:5      | Learned a level 3 spell: Stone Arrow
  3867 | D:5      | Reached XP level 8. HP: 46/51 MP: 8/8
  3963 | D:5      | Found a shadowy altar of Dithmenos.
  4218 | D:6      | Noticed Edmund
  4252 | D:6      | Killed Edmund
  4253 | D:6      | Reached skill level 6 in Fighting
  4350 | D:6      | Found a glowing drain.
  4387 | Sewer    | Entered a sewer
  4584 | Sewer    | Reached skill level 5 in Maces & Flails
  5106 | D:6      | Noticed Dowan
  5108 | D:6      | Noticed Duvessa
  5123 | D:6      | Killed Duvessa
  5124 | D:6      | Reached skill level 7 in Fighting
  5124 | D:6      | Reached XP level 9. HP: 13/57 MP: 9/9
  5126 | D:6      | Killed from afar by Dowan

Illustrated notes

Levels and vault maps discovered:
D:1:      dpeg_arrival_tiny_a, layout_basic, dk_noncrumbling_2
D:2:      layout_rooms, ebering_ecumenical_altar_mist
D:3:      layout_rooms, uniq_terence, uniq_natasha, uniq_jessica
D:4:      layout_loops_ring, tgw_fedhas, gammafunk_ghost_nasty_kobolds,
          uniq_grinder
D:5:      layout_basic, overflow_temple_1_default
D:6:      nicolae_cairo_tiling_large_dashed, layout_layer_cave,
          mainiacjoe_overflow_cross_hatched, cheibrodos_sewer_entry_sluice,
          hangedman_abyss_or_decor_stagger, uniq_edmund, uniq_duvessa

Skill      XL: |  1  2  3  4  5  6  7  8 |
---------------+-------------------------+-----
Fighting       | 4 5 7 |  7.0
Armour         | 4 5 6 |  6.9
Shields        | 4 5 6 |  6.9
Maces & Flails | 3 4 5 |  5.8

Action                     |  1- 3 |  4- 6 |  7- 9 || total
---------------------------+-------+-------+-------++-------
  Melee: Flail             |   153 |       |   141 ||   294
         Whip              |     7 |    96 |   147 ||   250
    Use: Scroll            |       |     5 |     7 ||    12
 Armour: Scale mail        |    91 |    52 |   221 ||   364
  Dodge: Dodged            |    85 |    43 |   168 ||   296
  Block: Buckler           |    48 |    23 |   106 ||   177

Table legend: (Time is in decaauts)
 A = Elapsed time spent in this place.
 B = Non-inter-level travel time spent in this place.
 C = Inter-level travel time spent in this place.
 D = Time resting spent in this place.
 E = Time spent auto-exploring this place.
 F = Levels seen in this place.
 G = Mean time per level.
                   A        B        C        D        E       F      G
               +--------+--------+--------+--------+--------+-----+--------+
         Total |   5306 |   5177 |    129 |    815 |   3085 |   7 |  758.0 |
       Dungeon |   4765 |   4636 |    129 |    587 |   2963 |   6 |  794.2 |
         Sewer |    541 |    541 |      0 |    228 |    122 |   1 |  541.0 |
               +--------+--------+--------+--------+--------+-----+--------+

Top non-repeatable levels by time:
     D:4: 1483 daAuts
     D:5: 1121 daAuts
     D:1: 685 daAuts
     D:3: 546 daAuts
   Sewer: 541 daAuts
     D:2: 502 daAuts
     D:6: 427 daAuts
